 Dungeon Crawl Stone Soup version 0.16.0-17-g811c1d7 (webtiles) character file.

3416 kae the Martial Artist (level 9, -1/96 HPs)
             Began as a Green Draconian Transmuter on Mar 22, 2015.
             Was a Priest of Qazlal.
             Slain by an orc warrior
             ... wielding a +0 battleaxe
              (6 damage)
             ... in a bailey.
             The game lasted 00:13:18 (9347 turns).

kae the Martial Artist (Green Draconian Transmuter) Turns: 9347, Time: 00:13:18

Health: -1/96      AC: 24    Str: 13    XL:     9   Next: 76%
Magic:  14/14      EV:  2    Int: 13    God:    Qazlal [***...]
Gold:   533        SH:  4    Dex: 15    Spells: 1 memorised, 11 levels left

rFire  . . .     SeeInvis .       - Unarmed
rCold  . . .     Clarity  +     (armour unavailable)
rNeg   + + +     SustAb   .     (no shield)
rPois  +         Gourm    .     (helmet currently unavailable)
rElec  .         Spirit   .     l - melded +0 cloak
rCorr  .         Warding  .     v - melded +1 pair of gloves
rMut   .         NoTele   +     (boots currently unavailable)
MR     .....                    (no amulet)
Stlth  +.........               (no ring)
                                i - ring of wizardry

@: short of breath, tree-form, not resistant to hostile enchantments, very
unstealthy
A: (breathe noxious fumes), unfitting armour, clarity, (poison resistance),
(cold-blooded), AC +7
a: Upheaval, Elemental Force, Renounce Religion


You were in a bailey.
You worshipped Qazlal.
Qazlal was most pleased with you.
You were not hungry.
You were a tree.
You visited 1 branch of the dungeon, and saw 8 of its levels.
You also visited: Sewer and Bailey.

You collected 544 gold pieces.
You spent 11 gold pieces at shops.

Inventory:

Missiles
 b - 81 arrows
Armour
 l - a +0 cloak (melded)
 v - a +1 pair of gloves (melded)
Jewellery
 i - a ring of wizardry (left branch)
Magical devices
 s - a wand of fire (5)
 y - a wand of fire (10)
 E - a wand of draining (4)
Scrolls
 e - a scroll of fear
 f - 3 scrolls of remove curse
 g - 4 scrolls of teleportation
 h - 4 scrolls of identify
 I - 2 scrolls of enchant weapon
Potions
 c - a potion of restore abilities
 k - 2 potions of agility
 o - 2 potions of flight
 p - 2 potions of curing
 C - 2 potions of haste
 F - a potion of cure mutation
 H - 2 potions of poison
 J - a potion of berserk rage
Books
 d - a book of Changes

   Spells                             Type                      Level
   a - Beastly Appendage              Transmutation                1
   b - Sticks to Snakes               Transmutation                2
   c - Spider Form                    Transmutation/Poison         3
   d - Ice Form                       Ice/Transmutation            4
   e - Blade Hands                    Transmutation                5
 K - a book of Necromancy

   Spells                             Type                      Level
   a - Pain                           Necromancy                   1
   b - Animate Skeleton               Necromancy                   1
   c - Vampiric Draining              Necromancy                   3
   d - Regeneration                   Charms/Necromancy            3
   e - Animate Dead                   Necromancy                   4
   f - Control Undead                 Necromancy                   4
Comestibles
 a - 11 bread rations
 m - 2 royal jellies
 n - 2 meat rations
 t - 5 beef jerkies
 z - 8 fruits
 A - 8 slices of pizza


   Skills:
 - Level 1.1 Fighting
 - Level 1.7 Dodging
 * Level 11.5 Unarmed Combat
 - Level 2.0 Spellcasting
 + Level 8.5 Transmutations


You had 11 spell levels left.
You knew the following spells:

 Your Spells              Type           Power        Failure   Level  Hunger
a - Beastly Appendage     Trmt           ###...       1%          1    ##.....


Dungeon Overview and Level Annotations

Branches:
Dungeon (8/15)             Temple (0/1) D:5
   Lair: D:8-11

Altars:
Dithmenos
Elyvilon
Fedhas
Gozag
Makhleb
Nemelex Xobeh
Qazlal
Ru
Trog
Vehumet
Zin

Shops:
D:5 }:[}*   D:6 }

Annotations:
D:4 1 exclusion


Innate Abilities, Weirdness & Mutations

((You can breathe blasts of noxious fumes.))
((Your lurid green scales are hard (AC +7).))
Your body does not fit into most forms of armour.
((Your system is resistant to poisons.))
((Your cold-blooded metabolism reacts poorly to cold.))
You possess an exceptional clarity of mind.


Message History

You feel somewhat more hungry.
You closely miss the orc warrior.
The orc warrior is lightly wounded.
The orc warrior hits you but does no damage.
You closely miss the orc warrior.
The orc warrior is lightly wounded.
The orc warrior hits you with a battleaxe.
* * * LOW HITPOINT WARNING * * *
Drink which item? (? for menu, Esc to quit)
You turn into a tree.
Your +0 cloak melds into your body.
Your +1 pair of gloves melds into your body.
Your roots penetrate the ground.
You miss the orc warrior.
The orc warrior is lightly wounded.
The orc warrior hits you with a battleaxe!
* * * LOW HITPOINT WARNING * * *
You smack the orc warrior!
The orc warrior is severely wounded.
The orc warrior hits you with a battleaxe.
You die...

.....## .......#
........# ...⌠.....#
.........# .........
........### ♣♣♣♣♣♣
#)#.### ♣♣♣..♣.♣♣
###).)..###♣♣♣.....♣
##...).))).##o)....♣♣
#......)).).#)).....♣♣
#......)..).').......♣
#.....⌠.).).'..∩.∩...♣
#...........'.......♣♣
#...........#........♣
##.........##......♣♣♣
###.....###♣♣......♣


You could see an orc warrior.

Vanquished Creatures
  Eustachio (D:6)
  A human (D:7)
  A hungry ghost (D:5)
  Edmund (D:7)
  A water moccasin (D:8)
  7 orc warriors
  2 ogres
  Duvessa (D:7)
  A centaur (D:7)
  A big kobold (Sewer)
  Blork the orc (D:4)
  3 giant frogs
  2 scorpions
  3 wights (D:8)
  Dowan (D:7)
  3 crimson imps
  A quasit (D:6)
  A giant frog zombie (D:7)
  A goliath beetle (D:6)
  2 orc priests
  Crazy Yiuf (D:4)
  6 orc wizards
  2 hounds
  A giant frog skeleton (D:4)
  A gnoll shaman (D:6)
  2 iguanas
  4 worker ants
  4 sheep (D:7)
  8 adders
  2 river rats (Sewer)
  13 gnolls
  4 giant mites (D:3)
  2 shadow imps
  5 worms
  2 adder zombies
  A giant gecko (D:3)
  30 orcs
  15 bats
  10 giant cockroaches
  18 goblins
  24 hobgoblins
  8 jackals
  12 kobolds
  4 quokkas
  2 ball pythons
  A giant cockroach zombie (D:6)
  A giant gecko skeleton (D:4)
  7 giant newts
  A jackal skeleton (D:4)
  A jackal zombie (D:6)
  2 quokka skeletons (D:4)
  22 rats
251 creatures vanquished.

Vanquished Creatures (others)
  2 plants (D:6)
2 creatures vanquished.

Grand Total: 253 creatures vanquished

Notes
Turn   | Place    | Note
--------------------------------------------------------------
     0 | D:1      | kae, the Draconian Transmuter, began the quest for the Orb.
     0 | D:1      | Reached XP level 1. HP: 16/16 MP: 3/3
   486 | D:1      | Reached XP level 2. HP: 20/23 MP: 4/4
  1018 | D:2      | Reached XP level 3. HP: 21/28 MP: 6/6
  1340 | D:2      | Reached skill level 4 in Unarmed Combat
  2019 | D:3      | Reached XP level 4. HP: 35/35 MP: 7/7
  2069 | D:3      | Found a glowing drain.
  2159 | Sewer    | Entered a sewer
  2226 | Sewer    | Noticed a big kobold
  2249 | Sewer    | Killed a big kobold
  2249 | Sewer    | Reached skill level 5 in Unarmed Combat
  2249 | Sewer    | Reached XP level 5. HP: 22/40 MP: 9/9
  2429 | Sewer    | Found a white marble altar of Elyvilon.
  2908 | D:3      | Reached XP level 6. HP: 29/47 MP: 8/10
  3305 | D:3      | Found a stormy altar of Qazlal.
  3342 | D:3      | Became a worshipper of Qazlal Stormbringer
  3488 | D:4      | Reached skill level 6 in Unarmed Combat
  3775 | D:4      | Noticed Blork the orc
  3787 | D:4      | Killed Blork the orc
  4129 | D:4      | Your scales start taking on a lurid green colour.
  4129 | D:4      | Gained mutation: Your system is resistant to poisons. [draconian maturity]
  4129 | D:4      | Reached XP level 7. HP: 43/52 MP: 12/12
  4147 | D:4      | Acquired Qazlal's first power
  4391 | D:4      | Reached skill level 5 in Transmutations
  4400 | D:4      | Reached skill level 7 in Unarmed Combat
  4457 | D:4      | Noticed Crazy Yiuf
  4465 | D:4      | Killed Crazy Yiuf
  4828 | D:4      | Noticed a moth of wrath
  4831 | D:4      | Found a bloodstained altar of Trog.
  5222 | D:5      | Entered Level 5 of the Dungeon
  5300 | D:5      | Found a staircase to the Ecumenical Temple.
  5315 | D:5      | Found Ugoc's General Store.
  5324 | D:5      | Bought a potion of degeneration for 11 gold pieces
  5343 | D:5      | Found Sarr's Antique Armour Emporium.
  5394 | D:5      | Found Skazues' Gadget Shop.
  5433 | D:5      | Found a blossoming altar of Fedhas.
  5433 | D:5      | Found a shadowy altar of Dithmenos.
  5435 | D:5      | Found an opulent altar of Gozag.
  5441 | D:5      | Found a radiant altar of Vehumet.
  5445 | D:5      | Found a sparkling altar of Nemelex Xobeh.
  5450 | D:5      | Found a burning altar of Makhleb.
  5521 | D:5      | Reached skill level 8 in Unarmed Combat
  5631 | D:5      | Found Qupsuet's Book Shoppe.
  5678 | D:5      | Reached XP level 8. HP: 59/59 MP: 13/13
  5769 | D:5      | Found Gauffac's Gadget Shoppe.
  6156 | D:6      | Found Yxzuunao's Gadget Shop.
  6163 | D:6      | Found an opulent altar of Gozag.
  6252 | D:6      | Found a blossoming altar of Fedhas.
  6381 | D:6      | Acquired Qazlal's second power
  6393 | D:6      | Reached skill level 9 in Unarmed Combat
  6759 | D:6      | Noticed Eustachio
  6772 | D:6      | Killed Eustachio
  7201 | D:7      | Noticed Duvessa
  7203 | D:7      | Noticed Dowan
  7216 | D:7      | Killed Duvessa
  7224 | D:7      | Killed Dowan
  7360 | D:7      | Found a white marble altar of Elyvilon.
  7466 | D:7      | Reached skill level 10 in Unarmed Combat
  7493 | D:7      | Reached XP level 9. HP: 46/64 MP: 14/14
  7800 | D:7      | Noticed Edmund
  7809 | D:7      | Killed Edmund
  8164 | D:7      | Gained mutation: You possess an exceptional clarity of mind. [potion of beneficial mutation]
  8428 | D:7      | Found a glowing silver altar of Zin.
  8428 | D:7      | Found a sacrificial altar of Ru.
  8637 | D:8      | Found a flagged portal.
  8659 | Bailey   | Entered a bailey
  8757 | Bailey   | Reached skill level 11 in Unarmed Combat
  8798 | Bailey   | Acquired Qazlal's third power
  9346 | Bailey   | HP: 4/96 [orc warrior/battleaxe (9)]
  9347 | Bailey   | Slain by an orc warrior

Action                   |  1- 3 |  4- 6 |  7- 9 || total
-------------------------+-------+-------+-------++-------
Melee: Unarmed           |   129 |   212 |   425 ||   766
 Cast: Beastly Appendage |     6 |    17 |    32 ||    55
 Abil: Breathe Noxious F |       |       |     2 ||     2
  Use: Potion            |       |     2 |     5 ||     7
       Scroll            |       |       |    17 ||    17
 Stab: Sleeping          |     2 |       |       ||     2
       Invisible         |       |       |     2 ||     2
  Eat: Chunk             |     4 |     6 |    19 ||    29
       Pizza             |       |       |     1 ||     1
